 Dungeon Crawl Stone Soup version 0.23-a0-350-g6fd5563 (webtiles) character file.

198 George the Slasher (level 5, -2/45 HPs)
             Began as a Minotaur Fighter on Oct 20, 2018.
             Killed from afar by an orc wizard (7 damage)
             ... with a puff of frost
             ... on level 3 of the Dungeon.
             The game lasted 00:03:00 (1570 turns).

George the Slasher (Minotaur Fighter)               Turns: 1570, Time: 00:03:01

Health: -2/45      AC:  9    Str: 25    XL:     5   Next: 47%
Magic:  4/4        EV:  6    Int:  5    God:
Gold:   82         SH:  9    Dex:  9    Spells: 4/4 levels left

rFire    . . .     SeeInvis .   a - +0 long sword
rCold    . . .     Gourm    .   c - +0 shield
rNeg     . . .     Faith    .   n - +0 chain mail
rPois    .         Spirit   .   (helmet restricted)
rElec    .         Reflect  .   (no cloak)
rCorr    .         Harm     .   (no gloves)
MR       .....                  (no boots)
Stlth    ..........             (no amulet)
HPRegen  0.15/turn              i - +3 ring of strength
MPRegen  0.09/turn              (no ring)

@: lethally poisoned (-2 -> -4)
A: retaliatory headbutt, horns 2
a: no special abilities


You were on level 3 of the Dungeon.
You were not hungry.

You visited 1 branch of the dungeon, and saw 3 of its levels.

You collected 82 gold pieces.

Inventory:

Hand Weapons
 a - a +0 long sword (weapon)
Missiles
 h - 2 tomahawks of returning (quivered)
Armour
 c - a +0 shield (worn)
 n - a +0 chain mail (worn)
Jewellery
 i - a +3 ring of strength (left hand)
Scrolls
 l - a scroll of remove curse
 o - a scroll of magic mapping
Potions
 d - 3 potions of might
 e - a potion of flight
 g - 2 potions of heal wounds
 j - a potion of agility {unknown}
 k - a potion of curing {unknown}
 m - 2 potions of ambrosia {unknown}
Comestibles
 f - 5 rations


   Skills:
 - Level 3.6 Fighting
 + Level 7.0 Long Blades
 - Level 3.6 Armour
 - Level 3.6 Shields


You had 4 spell levels left.
You didn't know any spells.
Your spell library was empty.

Dungeon Overview and Level Annotations

Branches:
Dungeon (3/15)

Altars:


Innate Abilities, Weirdness & Mutations

You reflexively headbutt those who attack you in melee.
You have a pair of horns on your head.


Message History

You kill the orc wizard!
Your Long Blades skill increases to level 7!
Something hits you but does no damage. x2
Okay, then.
You miss something.
You feel yourself speed up.
You feel sick.
You hear some strange, mumbled words.
A magic dart appears from out of thin air!
The magic dart hits you!
You barely miss something. Something hits you but does no damage.
You closely miss something. Your headbutt misses something.
You feel sick.
Something hits you but does no damage. x2
Your shield and chain mail prevent you from hitting something.
You headbutt something. You closely miss something.
Your headbutt misses something.
You hear some strange, mumbled words.
A puff of frost appears from out of thin air!
The puff of frost hits you!
You die...

.. #.#....# ####.
#.#....##### .....
#.#.........
.....###.##...########
........†.............
..#...†#.###.#######
#....#...)†..(..)####
#....#.###.#))......#
#....#.# #.#@###'##.#
##'#.#.# #.#{# .#
#...#.# ..#.# #
##..#.# ..#..
#..#.#...###
#..#.###..
#..#.########
#..#.........
##.#........#


There were no monsters in sight!

Vanquished Creatures
  Jessica (D:2)
  Terence (D:2)
  Natasha (D:3)
  2 orc wizards (D:3)
  2 adders (D:2)
  A worm (D:2)
  A dart slug (D:1)
  2 leopard geckos (D:2)
  2 orcs (D:3)
  2 ball pythons
  3 bats
  2 giant cockroaches (D:2)
  8 goblins
  3 hobgoblins
  4 jackals (D:1)
  6 kobolds
  5 rats
46 creatures vanquished.

Notes
Turn   | Place    | Note
-------+----------+-------------------------------------------
     0 | D:1      | George the Minotaur Fighter began the quest for the Orb.
     0 | D:1      | Reached XP level 1. HP: 19/19 MP: 0/0
   144 | D:1      | Reached skill level 3 in Long Blades
   209 | D:1      | Reached XP level 2. HP: 26/26 MP: 1/1
   637 | D:1      | Reached skill level 4 in Long Blades
  1008 | D:2      | Reached XP level 3. HP: 31/31 MP: 2/2
  1149 | D:2      | Reached skill level 5 in Long Blades
  1313 | D:2      | Noticed Jessica
  1315 | D:2      | Noticed Terence
  1320 | D:2      | Killed Jessica
  1320 | D:2      | Reached XP level 4. HP: 36/39 MP: 3/3
  1324 | D:2      | Killed Terence
  1505 | D:3      | Reached skill level 6 in Long Blades
  1518 | D:3      | Noticed Natasha
  1526 | D:3      | Killed Natasha
  1532 | D:3      | Reached XP level 5. HP: 43/45 MP: 4/4
  1565 | D:3      | Reached skill level 7 in Long Blades
  1570 | D:3      | Killed from afar by an orc wizard

Vault maps used:
D:1:      lightli_arrival_lavapool, minivault_27
D:2:      first_ration, uniq_terence, uniq_jessica
D:3:      uniq_grinder, uniq_robin, uniq_natasha

Skill      XL: |  1  2  3  4  5 |
---------------+----------------+-----
Long Blades    | 3 4 5 6 7 |  7.0
Fighting       | |  3.6
Armour         | |  3.6
Shields        | |  3.6

Action                   |  1- 3 |  4- 6 || total
-------------------------+-------+-------++-------
Melee: Long sword        |    83 |    47 ||   130
       Headbutt          |    14 |     8 ||    22
  Use: Scroll            |    10 |       ||    10
  Eat: Chunk             |     1 |     1 ||     2
Armor: Scale mail        |    32 |       ||    32
       Chain mail        |       |    41 ||    41
Dodge: Dodged            |    25 |    21 ||    46
Block: Shield            |    30 |    23 ||    53
       Rpst.: Long sword |     8 |     4 ||    12

Table legend:
 A = Non-vault XP
 B = Vault XP
 C = Vault XP percentage of total XP
 D = Non-vault monster count
 E = Vault monster count
 F = Vault count percentage of total count
                 A         B        C        D         E       F
            +---------+---------+-------+---------+---------+-------
      Total |     175 |     108 |  38.2 |      43 |       3 |   6.5
            +---------+---------+-------+---------+---------+-------
        D:1 |      37 |       0 |   0.0 |      20 |       0 |   0.0
        D:2 |      47 |      73 |  60.8 |      11 |       2 |  15.4
        D:3 |      91 |      35 |  27.8 |      12 |       1 |   7.7
            +---------+---------+-------+---------+---------+-------
